 Dungeon Crawl Stone Soup version 0.23.2-1-ga50397a6bc (webtiles) character file.

Game seed: 13983521118545306125

460 KristianNielsen the Skirmisher (level 7, 40/74 HPs)
             Began as an Ogre Fighter on May 28, 2019.
             Was an Initiate of Sif Muna.
             Quit the game on level 5 of the Dungeon.
             The game lasted 00:31:14 (5525 turns).

KristianNielsen the Skirmisher (Ogre Fighter)       Turns: 5525, Time: 00:31:15

Health: 40/74      AC:  3    Str: 21    XL:     7   Next: 7%
Magic:  9/9        EV:  8    Int: 11    God:    Sif Muna [......]
Gold:   231        SH:  9    Dex:  8    Spells: 8/9 levels left

rFire    . . .     SeeInvis .   a - +0 trident
rCold    . . .     Gourm    .   c - +0 shield
rNeg     . . .     Faith    .   h - +0 robe
rPois    +         Spirit   .   (helmet restricted)
rElec    .         Reflect  .   (no cloak)
rCorr    .         Harm     .   (gloves unavailable)
MR       .....                  (boots unavailable)
Stlth    +.........             (no amulet)
HPRegen  0.22/turn              m - ring of poison resistance
MPRegen  0.11/turn              (no ring)

@: no status effects
A: large, unfitting armour, tough skin 1
a: Renounce Religion


You were on level 5 of the Dungeon.
You worshipped Sif Muna.
Sif Muna was noncommittal.
You were near starving.

You visited 1 branch of the dungeon, and saw 5 of its levels.
You also visited: Sewer.

You collected 231 gold pieces.

Inventory:

Hand Weapons
 a - a +0 trident (weapon)
 b - a +0 hunting sling
Missiles
 i - 110 stones (quivered)
 v - 22 sling bullets
Armour
 c - a +0 shield (worn)
 h - a +0 robe (worn)
Magical Staves
 y - an uncursed staff of air {unknown}
Jewellery
 m - a ring of poison resistance (left hand)
 z - the ring "Ysevor" {rElec Int+5 Dex+3 Stlth+, unknown}
   (You found it on level 4 of the Dungeon)

   [ring of stealth]

   It affects your intelligence (+5).
   It affects your dexterity (+3).
   It insulates you from electricity.
   It makes you more stealthy.
 B - a cursed amulet of inaccuracy {unknown}
Scrolls
 e - 3 scrolls of teleportation
 j - 2 scrolls of blinking {unknown}
 n - a scroll of fear {unknown}
 p - 2 scrolls of remove curse {unknown}
 q - a scroll of noise {unknown}
 r - 2 scrolls of identify
 t - a scroll of magic mapping {unknown}
 x - a scroll of enchant weapon {unknown}
 A - a scroll of fog {unknown}
 C - a scroll of amnesia {unknown}
Potions
 d - 2 potions of might
 g - 2 potions of berserk rage {unknown}
 k - 3 potions of curing {unknown}
 l - a potion of agility {unknown}
 o - a potion of invisibility {unknown}
 s - a potion of haste {unknown}
 u - 2 potions of flight {unknown}
 w - a potion of cancellation {unknown}
Comestibles
 f - 9 rations


   Skills:
 + Level 5.9 Fighting
 + Level 4.9 Polearms
 - Level 2.6 Dodging
 + Level 4.1 Shields
 + Level 1.7 Spellcasting
 + Level 1.2 Summonings


You had 8 spell levels left.
You knew the following spells:

 Your Spells              Type           Power        Failure   Level  Hunger
a - Summon Small Mammal   Summ           #...         45%         1    ##.....

Your spell library contained the following spells:

 Spells                   Type           Power        Failure   Level  Hunger
 Animate Skeleton         Necr           N/A          63%         1    ##.....
 Apportation              Tloc           #.....       63%         1    ##.....
 Confusing Touch          Hex            #.....       63%         1    ##.....


Dungeon Overview and Level Annotations

Branches:
Dungeon (5/15)             Temple (0/1) D:5

Altars:
Makhleb
Okawaru
Sif Muna
Trog
Xom
Yredelemnul

Shops:
D:4 %

Annotations:
D:3 2 transporters, demivan's ghost, amateur TrBe


Innate Abilities, Weirdness & Mutations

You are too large for most types of armour.
You have tough skin. (AC +1)


Message History

The centaur shoots an arrow.
The arrow hits you.
You see here an arrow.
You see here a pair of glowing boots.
The centaur shoots an arrow.
You block the arrow.
The centaur shoots an arrow.
The arrow hits you!
Found a staircase to the Ecumenical Temple.
You see here 2 arrows.
There is a staircase to the Ecumenical Temple here.
The centaur shoots an arrow.
The arrow hits you!
Found a scroll of identify.
You see here an arrow.
The centaur shoots an arrow.
The arrow hits you.
The centaur shoots an arrow.
You block the arrow.
You see here 2 arrows.
The ooze hits you.
An ooze comes into view. 2 orcs and an orc wizard come into view.
The orc wizard shouts!
The orc shouts! x2; You hear a shout!
You hear an angry hiss.
Are you sure you want to abandon this character and quit the game? (Confirm with "yes".)

#J# #.# #c#
#.# #O# #.#
#c#### #
###.O..##.##
#.......J@...#
##..##.#.###.#
.........o..
..##.o##.o##.
. ##. ..## ..
# ..## # #..
#..


You could see an ogre, a centaur, an orc wizard, an ooze and an orc.

Vanquished Creatures
  A big kobold (Sewer)
  A howler monkey (D:4)
  A crimson imp (D:5)
  A bullfrog skeleton (D:5)
  An orc wizard (D:3)
  2 iguanas (D:4)
  A centaur skeleton (D:5)
  A worker ant (D:3)
  6 adders
  A river rat (Sewer)
  An ooze (D:3)
  3 worms
  A dart slug (D:2)
  4 leopard geckos
  9 orcs
  2 giant cockroaches
  2 goblins (D:2)
  3 hobgoblins
  5 jackals
  2 quokkas (D:5)
  2 ball pythons (D:3)
  9 bats
  5 frilled lizards
  A jackal skeleton (D:4)
  6 kobolds
  6 rats
77 creatures vanquished.

Notes
Turn   | Place    | Note
-------+----------+-------------------------------------------
     0 | D:1      | KristianNielsen the Ogre Fighter began the quest for the
                  | Orb.
     0 | D:1      | Reached XP level 1. HP: 24/24 MP: 1/1
   738 | D:1      | Reached XP level 2. HP: 28/32 MP: 2/2
  1094 | D:2      | Found a basalt altar of Yredelemnul.
  1202 | D:2      | Reached XP level 3. HP: 35/40 MP: 3/3
  2137 | D:3      | Found a glowing drain.
  2151 | D:3      | Reached XP level 4. HP: 25/49 MP: 4/4
  2194 | Sewer    | Entered a sewer
  2209 | Sewer    | HP: 1/49 [river rat (10)]
  2395 | Sewer    | Noticed a big kobold
  2414 | Sewer    | Killed a big kobold
  2414 | Sewer    | Reached skill level 5 in Fighting
  2414 | Sewer    | Reached XP level 5. HP: 49/57 MP: 5/5
  2506 | Sewer    | Found a glowing silver altar of Zin.
  2655 | D:3      | Found a transporter.
  2659 | D:3      | Noticed demivan's ghost (amateur TrBe)
  2659 | D:3      | Noticed an ogre
  2660 | D:3      | Found a transporter.
  2661 | D:3      | Identified the +2 great mace "Nirynan" {holy, MR+}
  2661 | D:3      | Noticed an ogre
  3189 | D:3      | Found an iron altar of Okawaru.
  3192 | D:3      | Found a shimmering altar of Xom.
  3195 | D:3      | Found a burning altar of Makhleb.
  3198 | D:3      | Found a bloodstained altar of Trog.
  3399 | D:3      | Found a deep blue altar of Sif Muna.
  3407 | D:3      | Became a worshipper of Sif Muna the Loreminder
  3709 | D:3      | Reached XP level 6. HP: 21/66 MP: 6/6
  3997 | D:4      | Got a bound silver ring
  4017 | D:4      | Learned a level 1 spell: Summon Small Mammal
  4087 | D:4      | Found Ofoditruikim's Food Shop.
  4101 | D:5      | Entered Level 5 of the Dungeon
  4187 | D:4      | Reached skill level 1 in Spellcasting
  5073 | D:5      | Reached skill level 1 in Summonings
  5243 | D:5      | Reached XP level 7. HP: 35/74 MP: 9/9
  5496 | D:5      | Found a staircase to the Ecumenical Temple.
  5525 | D:5      | Quit the game

Skill      XL: |  1  2  3  4  5  6 |
---------------+-------------------+-----
Shields        | 3 4 |  4.1
Polearms       | 3 4 |  4.9
Fighting       | 5 |  5.9
Spellcasting   | 1 |  1.7
Summonings     | 1 |  1.2
Dodging        | |  2.6

Action                   |  1- 3 |  4- 6 |  7- 9 || total
-------------------------+-------+-------+-------++-------
Melee: Trident           |    81 |   153 |     4 ||   238
 Fire: Hunting sling     |    36 |    81 |     2 ||   119
Throw: Stone             |       |     1 |       ||     1
 Cast: Summon Small Mamm |       |     3 |       ||     3
  Use: Scroll            |     1 |     1 |       ||     2
       Potion            |       |     3 |       ||     3
 Stab: Sleeping          |       |     2 |       ||     2
  Eat: Chunk             |     4 |     9 |       ||    13
Armor: Robe              |    23 |    30 |       ||    53
Dodge: Dodged            |    26 |    36 |     6 ||    68
Block: Shield            |    30 |    87 |     4 ||   121
